 Dungeon Crawl Stone Soup version 0.23-a0-32-g1388f29 (webtiles) character file.

155284 seren the Arsonist (level 16, -8/133 HPs)
             Began as a Demigod Fire Elementalist on Aug 4, 2018.
             Killed from afar by a fire dragon (46 damage)
             ... with a blast of flame
             ... on level 15 of the Dungeon.
             The game lasted 04:08:59 (53081 turns).

seren the Arsonist (Demigod Fire Elementalist)     Turns: 53081, Time: 04:09:00

Health: -8/133     AC: 14    Str: 11    XL:     16   Next: 28%
Magic:  34/51      EV: 19    Int: 29    God:
Gold:   848        SH:  5    Dex: 16    Spells: 3/38 levels left

rFire    . . .     SeeInvis .   a - staff of power
rCold    . . .     Gourm    +   N - +0 buckler
rNeg     . . .     Faith    .   L - +2 robe {MR+}
rPois    .         Spirit   .   R - +0 helmet
rElec    .         Reflect  .   t - +2 cloak
rCorr    .         Harm     .   (no gloves)
MR       +++..                  q - +1 pair of boots
Stlth    ++++......             T - amulet of the gourmand
HPRegen  0.32/turn              J - +4 ring of protection
MPRegen  0.32/turn              j - ring of protection from magic

@: very slightly contaminated
A: high mp 1
}: 1/15 runes: barnacled
a: no special abilities


You were on level 15 of the Dungeon.
You were completely stuffed.

You visited 6 branches of the dungeon, and saw 29 of its levels.
You also visited: Labyrinth and Ice Cave.

You collected 2509 gold pieces.
You spent 1661 gold pieces at shops.

Inventory:

Hand Weapons
 b - a +1 dagger of electrocution
Missiles
 C - 6 throwing nets (quivered) {!f}
Armour
 q - a +1 pair of boots (worn)
 t - a +2 cloak (worn)
 y - a +1 robe of resistance
 L - a +2 robe of magic resistance (worn)
 N - a +0 buckler (worn)
 O - a +2 robe of the Archmagi
 R - a +0 helmet (worn)
Magical Staves
 a - an uncursed staff of power (weapon)
Jewellery
 d - the ring of Cusab {rElec rC+ Str-4 Int+4 Dex+4}
   (You found it in a labyrinth)

   [ring of intelligence]

   It affects your strength (-4).
   It affects your intelligence (+4).
   It affects your dexterity (+4).
   It protects you from cold.
   It insulates you from electricity.
 j - a ring of protection from magic (right hand)
 r - an uncursed ring of positive energy
 x - an uncursed ring of poison resistance
 D - an uncursed ring of magical power
 G - a +6 ring of evasion
 H - the ring of Sule Eti {Wiz rElec Str+3 Dex-3}
   (You found it in a labyrinth)

   [ring of wizardry]

   It improves your spell success rate.
   It affects your strength (+3).
   It affects your dexterity (-3).
   It insulates you from electricity.
 I - an uncursed ring of resist corrosion
 J - a +4 ring of protection (left hand)
 M - an uncursed ring of flight
 T - an amulet of the gourmand (around neck)
Wands
 e - a wand of enslavement (16)
 h - a wand of iceblast (18)
 n - a wand of disintegration (6)
 w - a wand of paralysis (36)
 V - a wand of scattershot (2)
Scrolls
 g - 6 scrolls of fog
 o - a scroll of amnesia
 s - 4 scrolls of magic mapping
 z - 5 scrolls of remove curse
 B - 14 scrolls of teleportation {!r}
 Q - 4 scrolls of fear
 S - 5 scrolls of blinking {!r}
 W - a scroll of holy word
 Y - 3 scrolls of identify
Potions
 f - 2 potions of might
 i - 12 potions of curing
 k - 2 potions of cancellation
 l - 3 potions of magic
 m - 2 potions of agility
 u - a potion of haste
 v - 3 potions of resistance
 E - 7 potions of flight
 P - a potion of heal wounds
Miscellaneous
 p - a lightning rod (4/4)
Comestibles
 c - 36 rations


   Skills:
 + Level 9.6 Fighting
 - Level 9.0 Staves
 + Level 9.8 Dodging
 - Level 7.0 Stealth
 - Level 4.0 Shields
 + Level 11.5 Spellcasting
 - Level 10.4 Conjurations
 - Level 14.0 Fire Magic
 - Level 7.0 Earth Magic
 - Level 3.0 Evocations


You had 3 spell levels left.
You knew the following spells:

 Your Spells              Type           Power        Failure   Level  Hunger
a - Bolt of Fire          Conj/Fire      ######....   3%          6    #####..
b - Throw Flame           Conj/Fire      ######       1%          2    None
c - Conjure Flame         Conj/Fire      ######..     1%          3    None
d - Sticky Flame          Conj/Fire      ######..     1%          4    None
f - Fireball              Conj/Fire      ######....   1%          5    ###....
i - Ignition              Fire           #######...   56%         8    #######
l - Lee's Rapid Deconstr  Erth           ######....   4%          5    ###....
p - Passwall              Tmut/Erth      #####...     1%          2    None

Your spell library contained the following spells:

 Spells                   Type           Power        Failure   Level  Hunger
 Cause Fear               Hex            ###.......   32%         4    None
 Lightning Bolt           Conj/Air       #####.....   11%         5    ###....
 Slow                     Hex            ###.....     4%          2    None
 Confuse                  Hex            ###.....     10%         3    None
 Invisibility             Hex            ###.....     99%         6    #####..
 Ring of Flames           Chrm/Fire      ######....   83%         7    ######.
 Tukima's Dance           Hex            ###.....     10%         3    None
 Stone Arrow              Conj/Erth      ######       1%          3    None
 Spider Form              Tmut/Pois      ###.......   10%         3    None
 Blade Hands              Tmut           ###.......   65%         5    ###....
 Ice Form                 Ice/Tmut       ###.....     32%         4    None
 Deflect Missiles         Chrm/Air       ###.......   99%         6    #####..
 Flame Tongue             Conj/Fire      #####        1%          1    None
 Ignite Poison            Fire/Tmut/Pois #####...     1%          3    None
 Sticks to Snakes         Tmut           ###.....     4%          2    None
 Ensorcelled Hibernation  Hex/Ice        ###...       4%          2    None
 Silence                  Hex/Air        ###.......   65%         5    ###....
 Shatter                  Erth           ######....   100%        9    #######
 Static Discharge         Conj/Air       #####...     1%          3    None
 Corona                   Hex            ###....      3%          1    None
 Sandblast                Erth           ######       1%          1    None
 Petrify                  Tmut/Erth      #####...     8%          4    None
 Tornado                  Air            ###.......   100%        9    #######
 Shroud of Golubria       Chrm/Tloc      ###.......   4%          2    None
 Inner Flame              Hex/Fire       ######..     1%          3    None
 Beastly Appendage        Tmut           ###...       3%          1    None
 Dazzling Spray           Conj/Hex       #####.       1%          3    None
 Discord                  Hex            ###.......   100%        8    #######
 Yara's Violent Unravell  Hex/Tmut       ###.......   65%         5    ###....


Dungeon Overview and Level Annotations

Branches:
Dungeon (15/15)            Temple (0/1) D:6            Lair (6/6) D:11
 Shoals (4/4) Lair:4       Spider (1/4) Lair:3        Slime (0/5) Lair:6
    Orc (2/2) D:10            Elf (1/3) Orc:2        Vaults (0/5) D:13
 Depths: D:15

Shops:
D:2 *   D:7 *   D:8 }   D:14 *   Orc:1 :   Orc:2 *%?[

Annotations:
D:13 invis stalkder
Lair:5 spriggan valt need dig
Lair:6 2 runed doors; dragon + basilisk
Shoals:2 3 runed doors, Ostualona's ghost, adept DEFE; Rijenev's ghost, journeyman MiFi; Todyroat's ghost, journeyman SpVM
Shoals:3 exclusion: 2 downstairs
Orc:2 2 transporters, galech's ghost, journeyman MiFi


Innate Abilities, Weirdness & Mutations

You have an increased reservoir of magic. (+10% MP)


Message History

The fire dragon roars deafeningly!
Casting: Lee's Rapid Deconstruction (safe; 4% risk of failure)
Confirm with . or Enter, or press ? or * to list all spells.
Aiming: Lee's Rapid Deconstruction (safe; 4% risk of failure)
Press: ? - help, Dir - move target cursor A stone wall.
The wall shatters!
The blast of rock fragments hits the fire dragon.
The fire dragon is severely wounded.
The blast of rock fragments hits the fire dragon.
The fire dragon breathes flames at you. The blast of flame hits you!
* * * LOW HITPOINT WARNING * * *
The fire dragon breathes flames at you.
The blast of flame hits the fire dragon.
The fire dragon resists.
The blast of flame hits you!
* * * LOW HITPOINT WARNING * * *
The fire dragon breathes flames at you. The blast of flame hits you!
You die...

#### ############ ...
.......... ##.#
#.......# ##..#
#.......# ##...#
#.......#
##....#######.......###
#..8..@................
#D.D..##########.....!.
#.##.## #....... #. ###
#....... .. #.......
..# ############.......
#$. #..................
#$. #..##########.#####
#..# #.#


You could see 2 fire dragons.

Vanquished Creatures
  An Ice Fiend (IceCv)
  2 krakens
  Louise (Shoals:1)
  An emperor scorpion (D:10)
  A stone giant (Orc:2)
  An entropy weaver (Lair:3)
  Nessos (D:14)
  A minotaur (Lab)
  An ettin (Orc:2)
  2 merfolk javelineers
  10 merfolk impalers
  An ogre mage (D:13)
  4 vault guards (D:13)
  9 hydras
  3 merfolk avatars
  A two-headed ogre (D:13)
  A merfolk aquamancer (Shoals:4)
  A death knight (D:14)
  7 death yaks
  3 orc high priests (Orc:2)
  Nergalle (D:10)
  A deep elf knight (D:12)
  5 unseen horrors
  6 sea snakes
  A wizard (D:13)
  A deep elf archer (D:13)
  A lindwurm (Lair:6)
  10 harpies
  8 manticores
  6 orc knights
  3 orb spiders (Spider:1)
  6 wolf spiders
  An ugly thing (D:12)
  2 cyclopes (D:12)
  8 fauns
  6 orc sorcerers
  5 black mambas
  Joseph (Lair:1)
  5 merfolk sirens
  4 ice statues
  10 elephants
  3 water nymphs
  2 molten gargoyles (Lair:6)
  2 centaur skeletons
  A gargoyle (D:15)
  18 spiny frogs
  An efreet (D:14)
  12 komodo dragons
  A yaktaur (D:13)
  2 anaconda simulacra (IceCv)
  A demonic crawler (Lair:3)
  3 tengu conjurers
  11 jumping spiders
  A golden dragon simulacrum (IceCv)
  10 ice devils (IceCv)
  The ghost of flestrin the Firebug, an amateur OgFE (D:4)
  19 merfolk
  2 polar bears (Lair:6)
  6 trolls
  Grinder (D:3)
  11 blink frogs
  2 hornets
  A blink frog (shapeshifter) (D:14)
  A wind drake (Shoals:4)
  8 snapping turtles
  11 hippogriffs
  A meliai zombie (D:14)
  10 slime creatures
  9 tarantellas
  A shadow (Lab)
  A water elemental (Shoals:2)
  25 redbacks
  4 basilisks
  3 wyverns
  3 fire bats (Lair:2)
  29 yaks
  A wraith (D:11)
  2 dire elephant simulacra (IceCv)
  4 hungry ghosts
  2 steam dragons (Lair:6)
  5 vampire mosquitoes
  Edmund (D:4)
  2 wargs
  A harpy simulacrum (IceCv)
  An iron troll simulacrum (IceCv)
  7 hell hounds
  2 hydra simulacra (IceCv)
  16 water moccasins
  25 orc warriors
  8 porcupines
  3 ice beasts
  4 sky beasts
  An ettin simulacrum (IceCv)
  A phantom (D:14)
  12 ogres
  2 black bears
  20 wolves
  14 centaurs
  11 crocodiles
  2 big kobolds
  A gnoll sergeant (D:8)
  19 bullfrogs
  A wyvern zombie (D:14)
  2 wyvern skeletons
  5 scorpions
  53 killer bees
  6 wights
  An electric eel (D:10)
  5 howler monkeys
  6 crimson imps
  5 centaur zombies
  5 lava snakes (Lair:6)
  A bullfrog zombie (D:9)
  A quasit (D:9)
  5 hounds
  7 jellies
  A bullfrog skeleton (D:11)
  Crazy Yiuf (D:5)
  21 orc priests
  26 orc wizards
  Terence (D:3)
  11 iguanas
  7 worker ants
  A hound zombie (D:6)
  A hound skeleton (D:3)
  A howler monkey zombie (D:9)
  5 gnolls
  14 adders
  4 shadow imps
  10 oozes
  An adder zombie (D:9)
  5 worms
  3 dart slugs
  3 leopard geckos
  67 orcs
  3 giant cockroaches
  10 goblins
  4 hobgoblins
  6 jackals
  3 quokkas
  A ball python (D:5)
  7 bats
  A frilled lizard (D:3)
  18 kobolds
  A leopard gecko zombie (D:5)
  A quokka skeleton (D:5)
  A quokka zombie (D:6)
  2 rats (D:2)
  A rat zombie (D:8)
  4 fungi
  6 plants
  3 tentacles
885 creatures vanquished.

Vanquished Creatures (collateral kills)
  A two-headed ogre (D:10)
  A howler monkey (D:10)
2 creatures vanquished.

Vanquished Creatures (others)
  A wight (D:13)
  A bush (Lair:4)
  26 fungi
  12 plants
  26 tentacles
  8 toadstools (D:4)
  4 withered plants (Shoals:2)
78 creatures vanquished.

Grand Total: 965 creatures vanquished

Notes
Turn   | Place    | Note
-------+----------+-------------------------------------------
     0 | D:1      | seren the Demigod Fire Elementalist began the quest for the Orb.
     0 | D:1      | Reached XP level 1. HP: 14/14 MP: 5/5
    24 | D:1      | Reached skill level 1 in Conjurations
   715 | D:1      | Reached XP level 2. HP: 19/20 MP: 7/7
   719 | D:1      | Learned a level 2 spell: Throw Flame
   987 | D:2      | Found Zin's Purification Station.
  1031 | D:2      | Found a glowing silver altar of Zin.
  1129 | D:2      | Reached skill level 3 in Fire Magic
  1337 | D:2      | Reached XP level 3. HP: 26/26 MP: 3/8
  1646 | D:2      | Learned a level 3 spell: Conjure Flame
  2056 | D:3      | Reached XP level 4. HP: 33/33 MP: 3/10
  2346 | D:3      | Noticed Terence
  2408 | D:3      | Noticed Grinder
  2481 | D:3      | Found a white marble altar of Elyvilon.
  3349 | D:4      | Reached XP level 5. HP: 38/38 MP: 1/12
  3519 | D:4      | Noticed Edmund
  3527 | D:4      | Killed Edmund
  3527 | D:4      | Reached skill level 4 in Fire Magic
  3527 | D:4      | Reached XP level 6. HP: 34/45 MP: 6/13
  3623 | D:4      | Learned a level 4 spell: Sticky Flame
  3708 | D:4      | Found a runed door.
  3712 | D:4      | Found a hazy altar of Hepliaklqana.
  3721 | D:4      | Noticed flestrin's ghost (amateur OgFE)
  4021 | D:4      | Found a sacrificial altar of Ru.
  4021 | D:4      | Found a glowing golden altar of the Shining One.
  4264 | D:5      | Entered Level 5 of the Dungeon
  4395 | D:5      | Got a twisted trident
  4662 | D:5      | Reached skill level 1 in Fighting
  4777 | D:5      | Reached XP level 7. HP: 52/52 MP: 2/14
  5411 | D:5      | Found a runed door.
  5680 | D:4      | Identified the cursed +0 trident of Rubbish {protect, +Inv Stlth+} (You found it on level 5 of the Dungeon)
  5828 | D:5      | HP: 2/56 [orc warrior/short sword (14)]
  6203 | D:5      | Reached skill level 1 in Evocations
  6350 | D:6      | Found a staircase to the Ecumenical Temple.
  6878 | D:6      | Reached XP level 8. HP: 41/63 MP: 10/17
  7151 | D:6      | Reached skill level 5 in Fire Magic
  7237 | D:6      | Learned a level 5 spell: Fireball
  7295 | D:6      | Reached skill level 5 in Conjurations
  8415 | D:7      | Found Bolu's Island Escapes.
  8491 | D:7      | Identified the Volume of Enchantment and Self-Improvement
  8628 | D:8      | Noticed a troll
  9332 | D:7      | Reached skill level 6 in Fire Magic
  9649 | D:8      | Killed a troll
  9649 | D:8      | Reached skill level 5 in Spellcasting
  9649 | D:8      | Reached XP level 9. HP: 69/69 MP: 20/20
  9901 | D:8      | Found Waiwneshro's Gadget Emporium.
 10947 | D:9      | Reached skill level 1 in Staves
 11466 | D:7      | Bought a scroll of fog for 26 gold pieces
 11466 | D:7      | Bought a potion of flight for 39 gold pieces
 11466 | D:7      | Bought 2 scrolls of teleportation for 78 gold pieces
 11466 | D:7      | Bought a potion of haste for 130 gold pieces
 11759 | D:3      | Killed Terence
 11832 | D:3      | Paralysed by Grinder for 3 turns
 11838 | D:3      | Killed Grinder
 11956 | D:5      | Noticed Crazy Yiuf
 11961 | D:5      | Killed Crazy Yiuf
 12904 | D:10     | Entered Level 10 of the Dungeon
 12997 | D:10     | Noticed a two-headed ogre
 13006 | D:10     | Killed a two-headed ogre
 13006 | D:10     | Reached skill level 7 in Fire Magic
 13006 | D:10     | Reached XP level 10. HP: 21/77 MP: 23/23
 13397 | D:10     | Noticed Nergalle
 13443 | D:10     | Killed Nergalle
 13448 | D:10     | Reached skill level 5 in Dodging
 14406 | D:10     | Noticed an orc knight
 14435 | D:10     | Killed an orc knight
 14540 | D:10     | Found a staircase to the Orcish Mines.
 14939 | D:11     | Got a clouded copper ring
 14969 | D:11     | Got a transparent trident
 15052 | D:11     | Noticed a six-headed hydra
 15059 | D:11     | Killed a six-headed hydra
 15059 | D:11     | Reached skill level 1 in Shields
 15426 | D:11     | Found a staircase to the Lair.
 15646 | D:11     | Noticed an unseen horror
 15650 | D:11     | Killed an unseen horror
 15650 | D:11     | Reached skill level 8 in Fire Magic
 15650 | D:11     | Reached XP level 11. HP: 66/85 MP: 25/25
 16168 | D:11     | Identified the ring of Docaotet {rElec rC+ Str+4 Int-3} (You found it on level 11 of the Dungeon)
 16757 | Lair:1   | Entered Level 1 of the Lair of Beasts
 16757 | Lair:1   | Noticed Joseph
 16773 | Lair:1   | Killed Joseph
 16781 | Lair:1   | Noticed a four-headed hydra
 16913 | D:11     | Killed a four-headed hydra
 16913 | D:11     | Reached skill level 5 in Fighting
 17331 | D:12     | Found a labyrinth entrance.
 17353 | D:12     | Reached skill level 5 in Staves
 17492 | Lab      | Entered a labyrinth
 17921 | Lab      | Got a flickering steel ring
 18075 | Lab      | Found an exit through the horrors of the Abyss.
 18162 | Lab      | Noticed a minotaur
 18172 | Lab      | Killed a minotaur
 18464 | Lab      | Got a transparent brass ring
 18465 | Lab      | Got a warped plate armour
 18467 | Lab      | Identified the ring of Cusab {rElec rC+ Str-4 Int+4 Dex+4} (You found it in a labyrinth)
 18469 | Lab      | Identified the ring of Sule Eti {Wiz rElec Str+3 Dex-3} (You found it in a labyrinth)
 18978 | D:12     | Noticed a seven-headed hydra
 19000 | D:12     | Killed a seven-headed hydra
 19522 | D:12     | Reached skill level 9 in Fire Magic
 20015 | D:11     | Reached XP level 12. HP: 68/94 MP: 4/28
 20291 | Lair:1   | Found a glowing silver altar of Zin.
 23046 | Lair:3   | Reached skill level 10 in Fire Magic
 23156 | Lair:4   | Found a staircase to the Shoals.
 23161 | Lair:4   | Noticed a six-headed hydra
 23283 | Lair:4   | Reached skill level 10 in Conjurations
 23994 | Lair:4   | Reached XP level 13. HP: 103/103 MP: 30/30
 24050 | Lair:3   | Reached skill level 5 in Stealth
 26399 | Lair:5   | Identified the +10 trident of the Extremely Mad {pierce, Str+4} (You found it on level 11 of the Dungeon)
 27064 | Lair:6   | Entered Level 6 of the Lair of Beasts
 27385 | Lair:6   | Found a viscous altar of Jiyva.
 27386 | Lair:6   | Found a staircase to the Slime Pits.
 28179 | Orc:1    | Entered Level 1 of the Orcish Mines
 28186 | D:10     | Reached skill level 10 in Spellcasting
 28672 | Orc:2    | Entered Level 2 of the Orcish Mines
 28898 | Orc:1    | Noticed an orc warlord
 29130 | Orc:1    | Noticed an emperor scorpion
 29130 | Orc:1    | an orc warlord changed into an emperor scorpion
 29854 | D:12     | Learned a level 5 spell: Lee's Rapid Deconstruction
 30033 | D:13     | Reached skill level 1 in Earth Magic
 30315 | D:13     | Got a slimy cloak
 30326 | D:13     | Identified the cursed -4 cloak of the Untouchables {Dex+3} (You found it on level 13 of the Dungeon)
 30526 | D:13     | Got a polished scimitar
 30543 | D:13     | Identified the cursed +0 scimitar "Heptid" {slice, MR+ Str+4 Dex-5} (You found it on level 13 of the Dungeon)
 30879 | D:13     | Reached XP level 14. HP: 115/115 MP: 31/32
 31398 | D:13     | Found a gate to the Vaults.
 33674 | Lair:6   | Found a large runed door.
 33685 | Lair:6   | Found a large runed door.
 33694 | Lair:6   | Reached skill level 5 in Earth Magic
 34324 | D:4      | Killed flestrin's ghost
 34585 | D:10     | Killed an emperor scorpion
 35071 | Orc:1    | Found Mesiojuy's Book Shoppe.
 35249 | Orc:2    | Found a transporter.
 35253 | Orc:2    | Noticed galech's ghost (journeyman MiFi)
 35298 | Orc:2    | Found a transporter.
 35494 | Orc:2    | Found a staircase to the Elven Halls.
 36102 | Orc:2    | Found a roughly hewn altar of Beogh.
 36743 | Orc:1    | Bought a book of Fire for 975 gold pieces
 36752 | Orc:1    | Learned a level 8 spell: Ignition
 37609 | Orc:2    | Paralysed by an orc sorcerer for 5 turns
 37706 | Orc:2    | Found Fidwos's Assorted Antiques.
 37706 | Orc:2    | Found Vodgh's Antique Armour Shoppe.
 37711 | Orc:2    | Found Nuyrus's Magic Scroll Shoppe.
 37711 | Orc:2    | Found Avestiem's Food Shop.
 37738 | Orc:2    | Bought a scroll of remove curse for 33 gold pieces
 37738 | Orc:2    | Bought a scroll of identify for 22 gold pieces
 37738 | Orc:2    | Bought a scroll of identify for 22 gold pieces
 37740 | Orc:2    | Bought 2 scrolls of remove curse for 66 gold pieces
 37740 | Orc:2    | Bought a scroll of teleportation for 33 gold pieces
 37740 | Orc:2    | Bought a scroll of teleportation for 33 gold pieces
 37740 | Orc:2    | Bought 2 scrolls of blinking for 165 gold pieces
 38098 | Shoals:1 | Entered Level 1 of the Shoals
 38281 | Shoals:1 | Noticed Louise
 38370 | Shoals:1 | Killed Louise
 39027 | Lair:4   | Learned a level 6 spell: Bolt of Fire
 40223 | Shoals:1 | Reached XP level 15. HP: 75/124 MP: 29/34
 41186 | Shoals:2 | Reached skill level 11 in Fire Magic
 42015 | Shoals:3 | Found a frozen archway.
 42030 | IceCv    | Entered an ice cave
 43068 | IceCv    | Noticed an Ice Fiend
 43073 | IceCv    | Killed an Ice Fiend
 43073 | IceCv    | Reached skill level 12 in Fire Magic
 43082 | IceCv    | Found the +8 autumn katana {slice, Clar}
 43946 | Shoals:2 | Found a runed gate.
 43946 | Shoals:2 | Found a runed gate.
 43946 | Shoals:2 | Found a runed gate.
 43946 | Shoals:2 | Noticed Ostualona's ghost (adept DEFE)
 43946 | Shoals:2 | Noticed Todyroat's ghost (journeyman SpVM)
 43946 | Shoals:2 | Noticed Rijenev's ghost (journeyman MiFi)
 43963 | Shoals:2 | Noticed a kraken
 43980 | Shoals:2 | Killed a kraken
 44531 | Shoals:3 | Noticed a kraken
 44586 | Shoals:3 | Killed a kraken
 44792 | Shoals:4 | Entered Level 4 of the Shoals
 44806 | Shoals:4 | Learned a level 2 spell: Passwall
 45271 | Shoals:4 | Reached skill level 13 in Fire Magic
 45865 | Shoals:4 | Got a barnacled rune of Zot
 45950 | Shoals:4 | Noticed a kraken
 47388 | Lair:3   | Found a hole to the Spider Nest.
 47601 | Spider:1 | Entered Level 1 of the Spider Nest
 48855 | Lair:3   | Reached skill level 14 in Fire Magic
 49271 | Lair:3   | Reached XP level 16. HP: 68/132 MP: 36/36
 50820 | Elf:1    | Entered Level 1 of the Elven Halls
 51336 | D:14     | Found Acafut's General Store.
 51341 | D:14     | Bought a scroll of teleportation for 39 gold pieces
 51434 | D:14     | Noticed Nessos
 51445 | D:14     | Killed Nessos
 52284 | D:15     | Entered Level 15 of the Dungeon
 53081 | D:15     | Killed from afar by a fire dragon

Vault maps used:
D:1:      shiori_arrival_maze
D:2:      zin_purify, first_ration
D:3:      elyvilon_altar_3, uniq_grinder, uniq_terence
D:4:      cheibrodos_fertilizer, kennysheep_mini_moat,
          gammafunk_temple_overflow_statue, ebering_ghost_reflecting_pool,
          uniq_edmund
D:5:      uniq_crazy_yiuf_cottage
D:6:      minmay_temple_entry_large_hall
D:7:      nicolae_island_escapes
D:8:      enter_ossuary_3, enter_bailey_3, serial_shops,
          nicolae_shop_temple_entry_statues_fountains
D:10:     erik_orc_2, grunt_tengu_nest, uniq_nergalle
D:11:     minmay_lair_entry_lava, centaur_isle
D:12:     lab_entry_generic, minivault_5, feat_on_display
D:13:     grunt_vaults_entry_fortified, nicolae_benzene_ring, dk_noncrumbling_2
D:14:     minmay_misc_feat_columns, serial_shops, shop, uniq_nessos
D:15:     grunt_enter_depths_hoard, lemuel_statue_altar
Lair:1:   basic_altar, st_stairs_5, grunt_megastairs_4,
          infiniplex_staircase_pool, uniq_joseph
Lair:2:   nicolae_volcano_entry_batcave, beast_lair_carwin_9
Lair:3:   nicolae_spider_entry_tight_spaces
Lair:4:   minmay_shoals_entry_centaurs
Lair:5:   wad_woods_minihive
Lair:6:   cheibrodos_lair_end_hotspot, slime_altar_1, minivault_26
Shoals:1: uniq_louise
Shoals:2: gammafunk_ghost_cemetery
Shoals:3: portal_ice_cave_entry_ice_statue_one
Shoals:4: shoals_end_simple
Spider:1: uniq_jorgrun
Orc:1:    serial_shops, nicolae_shop_crystal
Orc:2:    grunt_orc_tribal_feast, gammafunk_ghost_arena, basic_altar
Elf:1:    serial_shops, shop, evilmike_minifort, uniq_asterion
Lab:      labyrinth_spiral, nicolae_lab_swirl, labyrinth_fake_exit
IceCv:    ice_cave_tombish

Skill      XL: |  1  2  3  4  5  6  7  8  9 10 11 12 13 14 15 |
---------------+----------------------------------------------+-----
Conjurations   | 1 2 3 4 6 7 9 10 | 10.4
Stealth        | 2 3 4 6 7 |  7.0
Spellcasting   | 2 3 4 5 6 7 8 10 11 | 11.5
Fire Magic     | 3 4 6 7 8 9 10 14 | 14.0
Dodging        | 2 3 4 5 6 8 9 |  9.8
Fighting       | 1 3 4 5 6 8 9 |  9.6
Evocations     | 1 2 3 |  3.0
Staves         | 2 3 5 6 7 9 |  9.0
Shields        | 2 4 |  4.0
Earth Magic    | 2 7 |  7.0

Action                   |  1- 3 |  4- 6 |  7- 9 | 10-12 | 13-15 | 16-18 || total
-------------------------+-------+-------+-------+-------+-------+-------++-------
Melee: Spear             |    25 |    22 |    22 |       |       |       ||    69
       Unarmed           |     2 |       |       |       |       |       ||     2
       Staff             |       |       |    52 |    70 |   250 |    57 ||   429
       Dagger            |       |       |     4 |       |       |       ||     4
Throw: Throwing net      |       |       |       |       |     1 |       ||     1
 Cast: Flame Tongue      |    49 |    80 |   165 |     7 |       |       ||   301
       Conjure Flame     |     1 |     1 |     3 |     8 |     4 |     2 ||    19
       Throw Flame       |       |    13 |   216 |   358 |   369 |    22 ||   978
       Sticky Flame      |       |       |    21 |    97 |   224 |    26 ||   368
       Fireball          |       |       |       |    70 |   296 |    37 ||   403
       Lee's Rapid Decon |       |       |       |       |    38 |    12 ||    50
       Bolt of Fire      |       |       |       |       |    41 |    34 ||    75
 Abil: Evoke Flight      |       |       |     1 |     2 |       |       ||     3
Evoke: Wand              |       |       |     7 |    23 |    14 |     5 ||    49
       Phantom mirror    |       |       |     1 |       |       |       ||     1
  Use: Scroll            |       |     5 |    18 |     9 |    21 |     1 ||    54
       Potion            |       |       |     1 |     7 |     5 |     1 ||    14
 Stab: Sleeping          |     1 |       |     1 |       |       |     1 ||     3
       Paralysed         |       |       |       |       |    31 |       ||    31
  Eat: Chunk             |     4 |     8 |    22 |    44 |   104 |    23 ||   205
       Ration            |       |       |     2 |     4 |     2 |     2 ||    10
Armor: Robe              |     3 |     5 |    38 |    76 |   154 |    49 ||   325
Dodge: Dodged            |    18 |    35 |   140 |   208 |   512 |   105 ||  1018
Block: Buckler           |       |       |       |    61 |   182 |    34 ||   277

Table legend:
 A = Spawn XP
 B = Non-spawn XP
 C = Spawn XP percentage of total XP
 D = Spawn monster count
 E = Non-spawn monster count
 F = Spawn count percentage of total count
 G = Total turns spent on level
                    A         B        C        D         E        F      G
               +---------+---------+-------+---------+---------+-------+---------
         Total |       0 |  203263 |   0.0 |       0 |     874 |   0.0 | 53081
               +---------+---------+-------+---------+---------+-------+---------
           D:1 |       0 |      17 |   0.0 |       0 |       9 |   0.0 |   987
           D:2 |       0 |      35 |   0.0 |       0 |      10 |   0.0 |   722
           D:3 |       0 |     430 |   0.0 |       0 |      26 |   0.0 |  1596
           D:4 |       0 |     910 |   0.0 |       0 |      26 |   0.0 |  1721
           D:5 |       0 |     762 |   0.0 |       0 |      22 |   0.0 |  2509
           D:6 |       0 |     777 |   0.0 |       0 |      29 |   0.0 |  1173
           D:7 |       0 |     891 |   0.0 |       0 |      23 |   0.0 |  1928
           D:8 |       0 |    1224 |   0.0 |       0 |      21 |   0.0 |  1225
           D:9 |       0 |    1509 |   0.0 |       0 |      26 |   0.0 |  1812
          D:10 |       0 |    7468 |   0.0 |       0 |      61 |   0.0 |  2877
          D:11 |       0 |    6425 |   0.0 |       0 |      45 |   0.0 |  2855
          D:12 |       0 |    5929 |   0.0 |       0 |      21 |   0.0 |  1941
          D:13 |       0 |   14145 |   0.0 |       0 |      28 |   0.0 |  1694
          D:14 |       0 |    7685 |   0.0 |       0 |      30 |   0.0 |  1625
          D:15 |       0 |    5195 |   0.0 |       0 |      23 |   0.0 |   728
        Lair:1 |       0 |    3370 |   0.0 |       0 |      13 |   0.0 |  1229
        Lair:2 |       0 |    7918 |   0.0 |       0 |      33 |   0.0 |  1307
        Lair:3 |       0 |   15866 |   0.0 |       0 |      51 |   0.0 |  4913
        Lair:4 |       0 |   12404 |   0.0 |       0 |      40 |   0.0 |  2236
        Lair:5 |       0 |    8485 |   0.0 |       0 |      76 |   0.0 |  2339
        Lair:6 |       0 |   13558 |   0.0 |       0 |      43 |   0.0 |  2386
      Shoals:1 |       0 |    9462 |   0.0 |       0 |      17 |   0.0 |  2326
      Shoals:2 |       0 |   16407 |   0.0 |       0 |      27 |   0.0 |  1632
      Shoals:3 |       0 |   15655 |   0.0 |       0 |      27 |   0.0 |  2618
      Shoals:4 |       0 |   13811 |   0.0 |       0 |      20 |   0.0 |   861
      Spider:1 |       0 |    7016 |   0.0 |       0 |      25 |   0.0 |    77
         Orc:1 |       0 |    2141 |   0.0 |       0 |      24 |   0.0 |  1172
         Orc:2 |       0 |   12117 |   0.0 |       0 |      50 |   0.0 |  2302
           Lab |       0 |    1790 |   0.0 |       0 |       4 |   0.0 |  1141
         IceCv |       0 |    9861 |   0.0 |       0 |      24 |   0.0 |  1147
               +---------+---------+-------+---------+---------+-------+---------
